 Dungeon Crawl Stone Soup version 0.24.0-3-g28a8eb0610 (webtiles) character file.

Game seed: 7127252650701896936, levelgen mode: deterministic

324 Flydiii the Grave Robber (level 6, 0/30 HPs)
             Began as a Vine Stalker Necromancer on Oct 27, 2019.
             Was an Initiate of Ru.
             Slain by Grinder (5 damage)
             ... while paralysed by Grinder
             ... on level 3 of the Dungeon on Nov 1, 2019.
             The game lasted 00:17:07 (2584 turns).

Flydiii the Grave Robber (Vine Stalker Necromancer) Turns: 2584, Time: 00:17:08

Health: 0/30       AC:  4    Str: 13    XL:     6   Next: 48%
Magic:  0/13       EV:  2    Int: 16    God:    Ru [......]
Gold:   139        SH:  0    Dex: 15    Spells: 9/13 levels left

rFire    . . .     SeeInvis .   j - +1 dagger (venom)
rCold    . . .     Gourm    .   (no shield)
rNeg     . . .     Faith    .   a - +0 robe
rPois    .         Spirit   +   (no helmet)
rElec    .         Reflect  .   (no cloak)
rCorr    .         Harm     .   r - +0 pair of gloves
MR       .....                  h - +0 pair of boots
Stlth    ++........             (no amulet)
HPRegen  0.50/turn              n - +2 ring of strength
MPRegen  0.13/turn              (no ring)

@: paralysed
A: fangs 2, regeneration 1, magic shield, antimagic bite, no potion heal 3, rot
immunity
a: Renounce Religion


You were on level 3 of the Dungeon.
You worshipped Ru.
Ru was noncommittal.
You were hungry.

You visited 1 branch of the dungeon, and saw 4 of its levels.

You collected 139 gold pieces.

Inventory:

Hand Weapons
 e - a +0 hand axe
 f - a +0 short sword
 j - a +1 dagger of venom (weapon)
 o - a +1 dagger of protection
Armour
 a - a +0 robe (worn)
 h - a +0 pair of boots (worn)
 r - a +0 pair of gloves (worn)
 t - a +0 scale mail
 v - a +0 chain mail
Jewellery
 n - a +2 ring of strength (left hand)
Wands
 x - a wand of flame (7)
Scrolls
 d - a scroll of amnesia {unknown}
 g - 3 scrolls of identify {unknown}
 k - a scroll of fog {unknown}
 m - a scroll of remove curse {unknown}
 p - a scroll of enchant weapon {unknown}
 s - a scroll of blinking {unknown}
Potions
 b - a potion of brilliance {unknown}
 i - 3 potions of degeneration {unknown}
 l - 2 potions of haste {unknown}
 q - a potion of lignification {unknown}
 u - a potion of magic {unknown}
 w - 2 potions of heal wounds {unknown}
 z - a potion of might {unknown}
Comestibles
 c - 7 rations


   Skills:
 * Level 2.0 Fighting
 + Level 1.4 Short Blades
 - Level 0.3 Axes
 + Level 2.1 Dodging
 + Level 2.6 Stealth
 * Level 4.2 Spellcasting
 * Level 5.3 Necromancy


You had 9 spell levels left.
You knew the following spells:

 Your Spells              Type           Power        Failure   Level  Hunger
a - Pain                  Necr           ###.         1%          1    None
b - Vampiric Draining     Necr           ###.......   5%          3    ###....

Your spell library contained the following spells:

 Spells                   Type           Power        Failure   Level  Hunger
 Animate Skeleton         Necr           N/A          1%          1    None
 Regeneration             Chrm/Necr      ##........   17%         3    ###....
 Animate Dead             Necr           N/A          19%         4    ####...


Dungeon Overview and Level Annotations

Branches:
Dungeon (4/15)
 Temple: D:4-7

Altars:
Ashenzari
Gozag
Ru
Trog

Annotations:
D:3 Grinder


Innate Abilities, Weirdness & Mutations

You have extremely sharp teeth.
Your natural rate of healing is unusually fast.
When hurt, damage is shared between your health and your magic reserves.
Your bite disrupts and absorbs the magic of your enemies.
Potions cannot restore your health.
You are immune to rotting.


Message History

Okay, then.
You closely miss Grinder. Grinder hits you! Grinder barely misses you.
Grinder gestures at you.
You struggle to resist.
There is a stone staircase leading up here.
You can't go down here!
Grinder hits you but does no damage.
You climb upwards.
There is a stone staircase leading down here.
Grinder hits you! Grinder gestures at you.
You suddenly lose the ability to move!
Grinder hits you but does no damage. Grinder hits you.
You writhe in agony.
Grinder barely misses you. Grinder hits you!
* * * LOW HITPOINT WARNING * * *
Grinder hits you!
You die...

#############
#...........#
#@#########.# #5# #.#
#.# #.##### #.#
#.....## #.#
#####.....#. ##.##
#.........#.
####...####.........#.
#.........#.........#.
#.#.......#.........#.


You could see Grinder.

Vanquished Creatures
  A crimson imp (D:3)
  An orc priest (D:3)
  Natasha (thrice) (D:3)
  3 orc wizards (D:3)
  3 adders (D:3)
  2 oozes
  A dart slug (D:1)
  A leopard gecko (D:4)
  10 orcs (D:3)
  A ball python (D:1)
  7 bats
  2 goblins (D:1)
  5 hobgoblins
  8 kobolds
  2 quokkas (D:3)
  4 frilled lizards
  11 rats
65 creatures vanquished.

Notes
Turn   | Place    | Note
-------+----------+-------------------------------------------
     0 | D:1      | Flydiii the Vine Stalker Necromancer began the quest for
                  | the Orb.
     0 | D:1      | Reached XP level 1. HP: 9/9 MP: 4/4
    99 | D:1      | Reached XP level 2. HP: 4/13 MP: 0/6
   167 | D:1      | Found a shattered altar of Ashenzari.
   820 | D:1      | Upgraded the game from 0.24.0-1-gfbc8707122 to
                  | 0.24.0-3-g28a8eb0610
   838 | D:1      | Reached XP level 3. HP: 10/16 MP: 3/7
  1405 | D:2      | Found an opulent altar of Gozag.
  1653 | D:3      | Gained mutation: Your natural rate of healing is unusually
                  | fast. [Vine Stalker growth]
  1653 | D:3      | Reached XP level 4. HP: 19/21 MP: 7/9
  1687 | D:3      | Reached skill level 1 in Fighting
  1724 | D:3      | Learned a level 3 spell: Vampiric Draining
  1734 | D:3      | Noticed Natasha
  1766 | D:3      | Killed Natasha
  1766 | D:3      | Reached skill level 5 in Necromancy
  1766 | D:3      | Reached XP level 5. HP: 23/25 MP: 2/10
  1869 | D:3      | Noticed Natasha
  1884 | D:3      | Killed Natasha
  1971 | D:3      | Reached skill level 1 in Short Blades
  1971 | D:3      | Reached XP level 6. HP: 22/30 MP: 11/13
  2100 | D:3      | Found a sacrificial altar of Ru.
  2323 | D:3      | Found a bloodstained altar of Trog.
  2463 | D:3      | Noticed Natasha
  2468 | D:3      | Killed Natasha
  2485 | D:3      | Became a worshipper of Ru the Awakened
  2558 | D:4      | Noticed Grinder
  2578 | D:3      | Paralysed by Grinder for 7 turns
  2584 | D:3      | Slain by Grinder

Levels and vault maps discovered:
D:1:      eino_arrival_water_star, layout_basic, kennysheep_pointless_box,
          evilmike_ruin_ashenzari
D:2:      layout_loops_ring, nicolae_gozag_seed_capital, first_ration
D:3:      layout_basic, nicolae_overflow_hidden_temple, hangedman_ru_absence,
          uniq_natasha
D:4:      mumra_celtic_spiral_tile, layout_basic, lemuel_doored_altar,
          grunt_ministairs_2, tso_altar, uniq_grinder

Skill      XL: |  1  2  3  4  5  6 |
---------------+-------------------+-----
Dodging        | 2 |  2.1
Spellcasting   | 3 4 |  4.2
Fighting       | 1 2 |  2.0
Necromancy     | 5 |  5.3
Short Blades   | 1 |  1.4
Axes           | |  0.3
Stealth        | |  2.6

Action                   |  1- 3 |  4- 6 || total
-------------------------+-------+-------++-------
Melee: Hand axe          |     4 |       ||     4
       Bite              |     7 |    21 ||    28
       Dagger            |    39 |    91 ||   130
 Cast: Pain              |    33 |    25 ||    58
 Stab: Sleeping          |       |     2 ||     2
  Eat: Chunk             |     1 |     4 ||     5
Armor: Robe              |    13 |    26 ||    39
Dodge: Dodged            |    46 |    74 ||   120
